 Dungeon Crawl Stone Soup version 0.32-a0-643-ga006e7742e (webtiles) character file.

Game seed: 5137081880283910228

408 Aldia the Sneak (level 6, -11/32 HPs)
             Began as a Vine Stalker Brigand on Mar 7, 2024.
             Mangled by an ogre
             ... wielding a +0 giant club
              (18 damage)
             ... on level 5 of the Dungeon.
             The game lasted 00:10:22 (3639 turns).

Aldia the Sneak (Vine Stalker Brigand)              Turns: 3639, Time: 00:10:22

Health: -11/32     AC: 11    Str: 14    XL:     6   Next: 88%
Magic:  0/7        EV:  7    Int: 11    God:
Gold:   135        SH:  0    Dex: 17    Spells: 3/5 levels left

rFire   + . .        a - +2 dagger
rCold   . . .        (no shield)
rNeg    . . .        z - +2 chain mail {rF+}
rPois   .            (no helmet)
rElec   .            c - +0 cloak
rCorr   .            (no gloves)
SInv    .            (no boots)
Will    .....        (no amulet) Stlth
                     (no ring)
HPRegen 1.05/turn    (no ring)
MPRegen 0.10/turn

%: guardian spirit
@: no status effects
A: fangs 2, regeneration 1, magic shield, antimagic bite, no potion heal 2
a: no special abilities


You were on level 5 of the Dungeon.
You visited 1 branch of the dungeon, and saw 5 of its levels.
You also visited: Sewer.

You collected 135 gold pieces.

Inventory:

Hand Weapons
 a - a +2 dagger (weapon)
 o - a +0 lajatang
Missiles
 d - 27 poisoned darts (quivered)
 e - 3 curare-tipped darts
Armour
 b - a +0 robe
 c - a +0 cloak (worn)
 h - a +0 scale mail
 j - a +0 plate armour
 m - a +0 leather armour
 z - a +2 chain mail of fire resistance (worn)
Wands
 t - a wand of mindburst (12)
Scrolls
 k - 4 scrolls of fear
 n - a scroll of butterflies {unknown}
 r - a scroll of amnesia
 s - 2 scrolls of brand weapon {unknown}
 x - a scroll of revelation
 y - a scroll of blinking {unknown}
 A - a scroll of teleportation {unknown}
Potions
 f - a potion of ambrosia {unknown}
 g - 4 potions of curing
 l - a potion of enlightenment {unknown}
 q - 3 potions of lignification
 u - 2 potions of haste {unknown}
 v - a potion of mutation {unknown}
 w - 2 potions of might {unknown}


   Skills:
 + Level 3.5 Fighting
 * Level 3.9 Short Blades
 - Level 1.7 Throwing
 + Level 2.0 Armour
 + Level 2.7 Dodging
 - Level 5.0 Stealth


You had 3 spell levels left.
You knew the following spells:

 Your Spells              Type           Power      Damage    Failure   Level
a - Blink                 Tloc           0%         N/A       100%        2

Your spell library contained the following spells:

 Spells                   Type           Power      Damage    Failure   Level
 Sting                    Conj/Alch      0%         1d3       99%         1
 Call Imp                 Summ           0%         N/A       100%        2
 Lesser Beckoning         Tloc           0%         N/A       100%        2
 Mercury Vapours          Alch/Air       0%         N/A       100%        2
 Momentum Strike          Conj/Tloc      0%         3d8       100%        2
 Sublimation of Blood     Necr           0%         N/A       100%        2
 Olgreb's Toxic Radiance  Alch           0%         N/A       100%        4
 Summon Hydra             Summ           0%         N/A       100%        7


Dungeon Overview and Level Annotations

Branches:
Dungeon (5/15)              Sewer (visited)
 Temple: D:4-7

Altars:
Nemelex Xobeh

Shops:
D:1 [   D:4 (


Innate Abilities, Weirdness & Mutations

You have extremely sharp teeth.
Your natural rate of healing is unusually fast.
When hurt, damage is shared between your health and your magic reserves.
Your bite disrupts and absorbs the magic of your enemies.
Potions cannot restore your health.


Message History

Done exploring.
There is a stone staircase leading down here.
You climb downwards.
Found a scroll labelled UNEXIA TIYKEGU.
There is a stone staircase leading up here.
Okay, then.
As you read the scroll labelled BIOW GOONWU, it crumbles to dust.
It is a scroll of identify.
g - 4 potions of curing
As you read the scroll of identify, it crumbles to dust.
q - 3 potions of lignification
As you read the scroll labelled ZUENGU HAUPT, it crumbles to dust.
You feel aware of your surroundings.
It was a scroll of revelation.
Found 7 stones.
s - 2 scrolls labelled UNEXIA TIYKEGU (gained 1)
An ogre comes into view. It is wielding a +0 giant club.
Found 13 gold pieces.
The ogre shouts!
The ogre moves out of view.
An ogre is nearby!
You hit the ogre.
The ogre is lightly wounded.
You hit the ogre.
The ogre is lightly wounded.
The ogre hits you with a +0 giant club.
You hit the ogre.
The ogre is moderately wounded.
You hit the ogre.
The ogre is heavily wounded.
The ogre hits you with a +0 giant club!!
Ouch! That really hurt!
* * * LOW HITPOINT WARNING * * *
You are too injured to fight recklessly!
You are too injured to fight recklessly!
You are too injured to fight recklessly!
You hit the ogre.
The ogre is heavily wounded.
The ogre hits you with a +0 giant club!!
Ouch! That really hurt!
You die...

** *****,
*********** *,,,,,
*,,,,,,,,,* *,,,,,
**,*#####,# *,,,,,
#,*#...#.###
***,,,,,
#.##......$#
*>,,,,,,
#....@O....#
*,*,,,,,
####.#.....#
*,,,,,,, #.#.....#
*,,,,,,, #.#.....#
*,,,,,,, #.#.....#
*,,,,,,, #.#.....#
*,,,,,,,
#.#.....#***,,,,,,,
#.#......,,,,*#####
#.#,,,,,******#....


You could see an ogre.

Vanquished Creatures
  2 black bears (D:4)
  A hound (D:4)
  An orc wizard (D:4)
  2 iguanas (D:4)
  4 adders
  A dart slug (D:2)
  3 ribbon worms
  2 orcs (D:4)
  3 bats
  6 endoplasms
  6 giant cockroaches
  6 goblins
  8 hobgoblins
  3 jackals (D:3)
  A quokka (D:3)
  11 ball pythons
  5 frilled lizards
  9 kobolds
  9 rats
83 creatures vanquished.

Notes
Turn   | Place    | Note
-------+----------+-------------------------------------------
     0 | D:1      | Aldia the Vine Stalker Brigand began the quest for the Orb.
     0 | D:1      | Reached XP level 1. HP: 11/11 MP: 2/2
   187 | D:1      | Noticed an eye of devastation
   190 | D:1      | Found a faded altar of an unknown god.
   191 | D:1      | Noticed a glass eye
   191 | D:1      | Noticed a golden eye
   191 | D:1      | Noticed an eye of devastation
   308 | D:1      | Reached skill level 1 in Dodging
   308 | D:1      | Reached XP level 2. HP: 15/15 MP: 3/3
   317 | D:1      | Reached skill level 5 in Stealth
   508 | D:1      | Found Hibbik's Armour Emporium.
  1091 | D:2      | Reached XP level 3. HP: 18/18 MP: 4/4
  1298 | D:2      | Learned a level 2 spell: Blink
  1696 | D:3      | Found a glowing drain.
  1701 | Sewer    | Entered a sewer
  1732 | Sewer    | Reached XP level 4. HP: 23/23 MP: 5/5
  2544 | D:3      | Found a sparkling altar of Nemelex Xobeh.
  2703 | D:4      | Noticed a black bear
  2788 | D:4      | Found Ruonadio's Antique Weapon Shop.
  2804 | D:4      | Reached skill level 1 in Armour
  2804 | D:4      | Reached XP level 5. HP: 27/28 MP: 4/6
  3082 | D:4      | Reached XP level 6. HP: 28/32 MP: 7/7
  3094 | D:4      | Killed a black bear
  3269 | D:4      | Noticed a black bear
  3296 | D:4      | HP: 1/32 [black bear (2)]
  3297 | D:4      | Killed a black bear
  3301 | D:4      | Identified the orb of Etaakkerph {*Rage, +Inv Str+3 Summ}
  3589 | D:5      | Entered Level 5 of the Dungeon
  3639 | D:5      | Mangled by an ogre

Illustrated notes

Levels and vault maps discovered:
D:1:      psy_arrival_fountain, layout_loops_corners, serial_shops, shop,
          serial_bayou, serial_bayou_shore_a, serial_bayou_lake_a,
          serial_bayou_pond_d, serial_bayou_pond_c,
          hellmonk_ecumenical_altar_watching_god, roderic_st_hans_cross
D:2:      layout_basic, grunt_ministairs_15
D:3:      minmay_evil_eye, layout_basic, mainiacjoe_overflow_boulevard,
          gup_sewer_entry_bowl, serial_bayou_ford_a
D:4:      layout_loops_ring, serial_shops, shop
D:5:      layout_basic, minmay_misc_feat_secret_circle

Skill      XL: |  1  2  3  4  5  6 |
---------------+-------------------+-----
Short Blades   | 2 3 |  3.9
Dodging        | 1 2 |  2.7
Stealth        | 5 |  5.0
Fighting       | 2 3 |  3.5
Armour         | 1 2 |  2.0
Throwing       | |  1.7

Action                     |  1- 3 |  4- 6 || total
---------------------------+-------+-------++-------
  Melee: Dagger            |   127 |   222 ||   349
         Bite              |    34 |    54 ||    88
    Use: Scroll            |     1 |     4 ||     5
         Potion            |       |     1 ||     1
   Stab: Sleeping          |     2 |     1 ||     3
 Armour: Robe              |    25 |       ||    25
         Scale mail        |    34 |    45 ||    79
         Chain mail        |       |   174 ||   174
  Dodge: Dodged            |    59 |    80 ||   139

Table legend: (Time is in decaauts)
 A = Elapsed time spent in this place.
 B = Non-inter-level travel time spent in this place.
 C = Inter-level travel time spent in this place.
 D = Time resting spent in this place.
 E = Time spent auto-exploring this place.
 F = Levels seen in this place.
 G = Mean time per level.
                   A        B        C        D        E       F      G
               +--------+--------+--------+--------+--------+-----+--------+
         Total |   3707 |   3514 |    193 |      0 |   2696 |   6 |  617.8 |
       Dungeon |   3332 |   3139 |    193 |      0 |   2546 |   5 |  666.4 |
         Sewer |    375 |    375 |      0 |      0 |    149 |   1 |  375.0 |
               +--------+--------+--------+--------+--------+-----+--------+

Top non-repeatable levels by time:
     D:1: 1052 daAuts
     D:3: 898 daAuts
     D:4: 818 daAuts
     D:2: 513 daAuts
   Sewer: 375 daAuts
     D:5: 48 daAuts
